TOP OF THE 1ST |
---|
Santa Monica Bruins batting - Pitching for Gresham Gold Souls : LHP Francisco Nieto | Pitching: LHP Francisco Nieto | | Batting: LHB Ramiro Martínez | 0-0: Ball 1-0: Called Strike 1-1: Ball 2-1: Called Strike 2-2: Fly out, F7 (Flyball, 7S) | Batting: LHB Gonzalo Benítez | 0-0: Called Strike 0-1: Ball 1-1: Swinging Strike 1-2: Strikes out swinging | Batting: RHB Jake Reeves | 0-0: Fly out, F9 (Flyball, 9S) | Top of the 1st over - 0 runs, 0 hits, 0 errors, 0 left on base; Santa Monica 0 - Gresham 0 | BOTTOM OF THE 1ST |
---|
Gresham Gold Souls batting - Pitching for Santa Monica Bruins : LHP Rafael Alemán | Pitching: LHP Rafael Alemán | | Batting: LHB Jeff Douglas | 0-0: Ball 1-0: Foul Ball, location: 2F 1-1: Ball 2-1: Ball 3-1: Called Strike 3-2: Strikes out swinging | Batting: SHB Todd Smith | 0-0: Ball 1-0: Ball 2-0: Ball 3-0: Called Strike 3-1: Foul Ball, location: 2F 3-2: Base on Balls | Batting: LHB Bill Smith | 0-0: Called Strike 0-1: Fly out, F7 (Flyball, 78M) | Batting: LHB Ezechiele Bruno | 0-0: Swinging Strike 0-1: Ball 1-1: Ball 2-1: Ball 3-1: Foul Ball, location: 2F 3-2: Ground out 1-3 (Groundball, P) | Bottom of the 1st over - 0 runs, 0 hits, 0 errors, 1 left on base; Santa Monica 0 - Gresham 0 | TOP OF THE 2ND |
---|
Santa Monica Bruins batting - Pitching for Gresham Gold Souls : LHP Francisco Nieto | Batting: RHB Luis Ríos | 0-0: Ball 1-0: Called Strike 1-1: DOUBLE (Line Drive, 7LM) | Batting: RHB Mario Rosales | 0-0: Ball 1-0: Called Strike 1-1: Ball 2-1: Ball 3-1: Base on Balls | Batting: LHB Ken Phillips | 0-0: Called Strike 0-1: Swinging Strike 0-2: Strikes out swinging | Batting: RHB Armando Colón | 0-0: Called Strike Luis Ríos steals 3rd base Mario Rosales to second 0-1: Called Strike 0-2: SINGLE (Groundball, 56D) Luis Ríos scores Mario Rosales to third Runner from 3rd tries for Home, SAFE, throw made home | Batting: SHB Adrián Nieto | 0-0: Called Strike 0-1: Foul Ball, location: 2F 0-2: DOUBLE (Groundball, 5L) Armando Colón to third | Batting: RHB John Nelson | 0-0: Ball 1-0: Foul Ball, location: 2F 1-1: Ground out 6-3 (Groundball, 6) Armando Colón scores | Batting: LHB Ramiro Martínez | 0-0: Called Strike 0-1: Swinging Strike 0-2: SINGLE (Groundball, 3D) Adrián Nieto to third Runner from 3rd tries for Home, throw and OUT! | Top of the 2nd over - 3 runs, 4 hits, 0 errors, 1 left on base; Santa Monica 3 - Gresham 0 | BOTTOM OF THE 2ND |
---|
Gresham Gold Souls batting - Pitching for Santa Monica Bruins : LHP Rafael Alemán | Batting: RHB Jaime Rodríguez | 0-0: Foul Ball, location: 2F 0-1: Fly out, F6 (Popup, 6S) | Batting: LHB Nick Scott | 0-0: Ball 1-0: SINGLE (Line Drive, 4D) | Batting: SHB Francis Shaffer | 0-0: Ball 1-0: Foul Ball, location: 2F 1-1: Called Strike 1-2: Ball 2-2: Foul Ball, location: 2F 2-2: Ball 3-2: Foul Ball, location: 2F 3-2: SINGLE (Groundball, 4MD) Nick Scott to second | Batting: RHB Augusto Baiano | 0-0: Ball 1-0: Called Strike 1-1: Ball 2-1: Grounds into double play, 6-4-3 (Groundball, 6) | Bottom of the 2nd over - 0 runs, 2 hits, 0 errors, 1 left on base; Santa Monica 3 - Gresham 0 | TOP OF THE 3RD |
---|
Santa Monica Bruins batting - Pitching for Gresham Gold Souls : LHP Francisco Nieto | Batting: LHB Gonzalo Benítez | 0-0: Called Strike 0-1: Foul Ball, location: 2F 0-2: Ground out 6-3 (Groundball, 6) | Batting: RHB Jake Reeves | 0-0: Called Strike 0-1: Ball 1-1: Called Strike 1-2: Strikes out looking | Batting: RHB Luis Ríos | 0-0: Ball 1-0: SINGLE (Groundball, 15S) (infield hit) | Batting: RHB Mario Rosales | 0-0: Called Strike Luis Ríos is caught stealing 2nd base | Top of the 3rd over - 0 runs, 1 hit, 0 errors, 0 left on base; Santa Monica 3 - Gresham 0 | BOTTOM OF THE 3RD |
---|
Gresham Gold Souls batting - Pitching for Santa Monica Bruins : LHP Rafael Alemán | Batting: RHB Elpidio Martinho | 0-0: Ground out 4-3 (Groundball, 4) | Batting: LHB Jeff Douglas | 0-0: Ball 1-0: Swinging Strike 1-1: Foul Ball, location: 2F 1-2: Foul Ball, location: 2F 1-2: Strikes out looking | Batting: SHB Todd Smith | 0-0: Called Strike 0-1: Swinging Strike 0-2: Ball 1-2: Ball 2-2: Foul Ball, location: 2F 2-2: SINGLE (Flyball, 89S) | Batting: LHB Bill Smith | 0-0: Ball 1-0: Ball 2-0: Ball 3-0: Base on Balls Todd Smith to second | Batting: LHB Ezechiele Bruno | 0-0: Ball 1-0: Ball 2-0: Foul Ball, location: 2F 2-1: Ball 3-1: Swinging Strike 3-2: Strikes out looking | Bottom of the 3rd over - 0 runs, 1 hit, 0 errors, 2 left on base; Santa Monica 3 - Gresham 0 | TOP OF THE 4TH |
---|
Santa Monica Bruins batting - Pitching for Gresham Gold Souls : LHP Francisco Nieto | Batting: RHB Mario Rosales | 0-0: Foul Ball, location: 2F 0-1: Ball 1-1: Ball 2-1: Ball 3-1: Fly out, F8 (Flyball, 8LD) | Batting: LHB Ken Phillips | 0-0: Ground out 4-3 (Groundball, 4) | Batting: RHB Armando Colón | 0-0: Called Strike 0-1: Foul Ball, location: 2F 0-2: Ball 1-2: SINGLE (Groundball, 6MD) | Batting: SHB Adrián Nieto | 0-0: Ball 1-0: Ball 2-0: Ball 3-0: Called Strike 3-1: Foul Ball, location: 2F 3-2: DOUBLE (Line Drive, 9D) Armando Colón to third Armando Colón scores | Batting: RHB John Nelson | 0-0: Swinging Strike 0-1: Ball 1-1: Ball 2-1: Foul Ball, location: 2F 2-2: SINGLE (Flyball, 78S) Adrián Nieto to third Runner from 3rd tries for Home, SAFE, throw made home John Nelson to second | Batting: LHB Ramiro Martínez | 0-0: Fly out, F9 (Flyball, 9LMF) | Top of the 4th over - 2 runs, 3 hits, 0 errors, 1 left on base; Santa Monica 5 - Gresham 0 | BOTTOM OF THE 4TH |
---|
Gresham Gold Souls batting - Pitching for Santa Monica Bruins : LHP Rafael Alemán | Batting: RHB Jaime Rodríguez | 0-0: Ball 1-0: Foul Ball, location: 2F 1-1: Ball 2-1: Ball 3-1: Base on Balls | Batting: LHB Nick Scott | 0-0: Ball 1-0: Fielders Choice at 2nd, 4-6 (Groundball, 34) | Batting: SHB Francis Shaffer | 0-0: Called Strike Nick Scott steals 2nd base 0-1: Swinging Strike 0-2: Foul Ball, location: 2F 0-2: Ball 1-2: Fly out, F9 (Flyball, 89M) Runner from 2nd tags up, SAFE at 3rd with throw | Batting: RHB Augusto Baiano | 0-0: Ball 1-0: Ball 2-0: SINGLE (Groundball, 6MD) Nick Scott scores | Batting: RHB Elpidio Martinho | 0-0: Ball 1-0: Swinging Strike 1-1: Ground out 4-3 (Groundball, 34) | Bottom of the 4th over - 1 run, 1 hit, 0 errors, 1 left on base; Santa Monica 5 - Gresham 1 | TOP OF THE 5TH |
---|
Santa Monica Bruins batting - Pitching for Gresham Gold Souls : LHP Francisco Nieto | Pitching: RHP León Trevino | | Batting: LHB Gonzalo Benítez | 0-0: Foul Ball, location: 2F 0-1: Ball 1-1: Ground out U3 (Groundball, 3L) | Batting: RHB Jake Reeves | 0-0: Called Strike 0-1: Ball 1-1: Foul Ball, location: 2F 1-2: DOUBLE (Line Drive, 7LM) | Batting: RHB Luis Ríos | 0-0: Ball 1-0: TRIPLE (Flyball, 89XD) Jake Reeves scores | Batting: RHB Mario Rosales | 0-0: Ball 1-0: Ball 2-0: Ball 3-0: Base on Balls | Batting: LHB Ken Phillips | 0-0: Called Strike 0-1: Foul Ball, location: 2F 0-2: Foul Ball, location: 2F 0-2: Strikes out looking | Batting: RHB Armando Colón | 0-0: Called Strike 0-1: Fielders Choice at 2nd, 6-4 (Groundball, 6) | Top of the 5th over - 1 run, 2 hits, 0 errors, 2 left on base; Santa Monica 6 - Gresham 1 | BOTTOM OF THE 5TH |
---|
Gresham Gold Souls batting - Pitching for Santa Monica Bruins : LHP Rafael Alemán | Batting: LHB Jeff Douglas | 0-0: Called Strike 0-1: Foul Ball, location: 2F 0-2: SINGLE (Groundball, 4MD) | Batting: SHB Todd Smith | 0-0: Ball Throwing error on steal attempt, E2 Jeff Douglas to third 1-0: Ball 2-0: Ball 3-0: Called Strike 3-1: Called Strike 3-2: Base on Balls | Batting: LHB Bill Smith | 0-0: Ball 1-0: Foul Ball, location: 2F 1-1: Foul Ball, location: 2F 1-2: Ball 2-2: Strikes out swinging | Batting: LHB Ezechiele Bruno | 0-0: Ball 1-0: Called Strike 1-1: Foul Ball, location: 2F 1-2: Fly out, F6 (Line Drive, 6) | Batting: RHB Jaime Rodríguez | 0-0: Foul Ball, location: 2F 0-1: Foul Ball, location: 2F 0-2: Fly out, F3 (Popup, 3F) | Bottom of the 5th over - 0 runs, 1 hit, 1 error, 2 left on base; Santa Monica 6 - Gresham 1 | TOP OF THE 6TH |
---|
Santa Monica Bruins batting - Pitching for Gresham Gold Souls : RHP León Trevino | Batting: SHB Adrián Nieto | 0-0: Ball 1-0: Fly out, F9 (Line Drive, 9) | Batting: RHB John Nelson | 0-0: Ground out 4-3 (Groundball, 4MS) | Batting: LHB Ramiro Martínez | 0-0: Swinging Strike 0-1: Foul Ball, location: 2F 0-2: Strikes out swinging | Top of the 6th over - 0 runs, 0 hits, 0 errors, 0 left on base; Santa Monica 6 - Gresham 1 | BOTTOM OF THE 6TH |
---|
Gresham Gold Souls batting - Pitching for Santa Monica Bruins : LHP Rafael Alemán | Pitching: RHP Rick Hernández | | Batting: LHB Nick Scott | 0-0: Swinging Strike 0-1: Ball 1-1: Ball 2-1: Swinging Strike 2-2: Ball 3-2: Base on Balls | Batting: SHB Francis Shaffer | 0-0: Called Strike 0-1: Foul Ball, location: 2F 0-2: Foul Ball, location: 2F 0-2: DOUBLE (Groundball, 3L) Nick Scott to third | Batting: RHB Augusto Baiano | 0-0: Called Strike 0-1: Foul Ball, location: 2F 0-2: Ball 1-2: Strikes out swinging | Batting: RHB Elpidio Martinho | 0-0: Ball 1-0: Called Strike 1-1: Called Strike 1-2: Strikes out swinging | Batting: LHB Jeff Douglas | 0-0: Ball 1-0: Ball 2-0: Called Strike 2-1: Foul Ball, location: 2F 2-2: Ground out 4-3 (Groundball, 34) | Bottom of the 6th over - 0 runs, 1 hit, 0 errors, 2 left on base; Santa Monica 6 - Gresham 1 | TOP OF THE 7TH |
---|
Santa Monica Bruins batting - Pitching for Gresham Gold Souls : RHP Andy Hickey | Pitching: RHP Andy Hickey | | Batting: LHB Gonzalo Benítez | 0-0: Called Strike 0-1: Foul Ball, location: 2F 0-2: Strikes out swinging | Batting: RHB Jake Reeves | 0-0: Ball 1-0: Swinging Strike 1-1: Ball 2-1: Ball 3-1: Fly out, F7 (Flyball, 7S) | Batting: RHB Luis Ríos | 0-0: Called Strike 0-1: Foul Ball, location: 2F 0-2: Foul Ball, location: 2F 0-2: Ball 1-2: Strikes out swinging | Top of the 7th over - 0 runs, 0 hits, 0 errors, 0 left on base; Santa Monica 6 - Gresham 1 | BOTTOM OF THE 7TH |
---|
Gresham Gold Souls batting - Pitching for Santa Monica Bruins : RHP Rick Hernández | Now at SS: Eugenio Lucero | | Batting: SHB Todd Smith | 0-0: Ball 1-0: Foul Ball, location: 2F 1-1: Ball 2-1: Foul Ball, location: 2F 2-2: Ball 3-2: Foul Ball, location: 2F 3-2: Ground out 5-3 (Groundball, 5) | Batting: LHB Bill Smith | 0-0: Fly out, F8 (Flyball, 8RM) | Batting: LHB Ezechiele Bruno | 0-0: Ball 1-0: Foul Ball, location: 2F 1-1: SINGLE (Groundball, 4MD) | Batting: RHB Jaime Rodríguez | 0-0: Called Strike 0-1: Called Strike 0-2: Ball 1-2: Strikes out swinging | Bottom of the 7th over - 0 runs, 1 hit, 0 errors, 1 left on base; Santa Monica 6 - Gresham 1 | TOP OF THE 8TH |
---|
Santa Monica Bruins batting - Pitching for Gresham Gold Souls : RHP Andy Hickey | Batting: RHB Mario Rosales | 0-0: Swinging Strike 0-1: Foul Ball, location: 2F 0-2: Foul Ball, location: 2F 0-2: Foul Ball, location: 2F 0-2: Ground out 6-3 (Groundball, 6) | Batting: LHB Ken Phillips | 0-0: Ball 1-0: SOLO HOME RUN (Flyball, 89XD), Distance : 438 ft | Batting: RHB Armando Colón | 0-0: Ball 1-0: SINGLE (Groundball, 4MD) | Batting: SHB Adrián Nieto | 0-0: Ball 1-0: Called Strike 1-1: Grounds into double play, 6-4-3 (Groundball, 6) | Top of the 8th over - 1 run, 2 hits, 0 errors, 0 left on base; Santa Monica 7 - Gresham 1 | BOTTOM OF THE 8TH |
---|
Gresham Gold Souls batting - Pitching for Santa Monica Bruins : RHP Rick Hernández | Batting: LHB Nick Scott | 0-0: Ball 1-0: Ball 2-0: Ground out 4-3 (Groundball, 4) | Batting: SHB Francis Shaffer | 0-0: Ball 1-0: Ball 2-0: Called Strike 2-1: Ball 3-1: Swinging Strike 3-2: Foul Ball, location: 2F 3-2: Strikes out swinging | Batting: RHB Augusto Baiano | 0-0: Foul Ball, location: 2F 0-1: SINGLE (Groundball, 34D) | Batting: RHB Elpidio Martinho | 0-0: Fielders Choice at 2nd, 6-4 (Groundball, 6) | Bottom of the 8th over - 0 runs, 1 hit, 0 errors, 1 left on base; Santa Monica 7 - Gresham 1 | TOP OF THE 9TH |
---|
Santa Monica Bruins batting - Pitching for Gresham Gold Souls : RHP Andy Hickey | Batting: RHB John Nelson | 0-0: Ball 1-0: Fly out, F5 (Line Drive, 5) | Batting: LHB Ramiro Martínez | 0-0: Ground out 1-3 (Groundball, 13S) | Batting: LHB Gonzalo Benítez | 0-0: Ball 1-0: Swinging Strike 1-1: Foul Ball, location: 2F 1-2: Ball 2-2: Ball 3-2: Strikes out looking | Top of the 9th over - 0 runs, 0 hits, 0 errors, 0 left on base; Santa Monica 7 - Gresham 1 | BOTTOM OF THE 9TH |
---|
Gresham Gold Souls batting - Pitching for Santa Monica Bruins : RHP Rick Hernández | Batting: LHB Jeff Douglas | 0-0: Foul Ball, location: 2F 0-1: Ball 1-1: Ball 2-1: Foul Ball, location: 2F 2-2: Foul Ball, location: 2F 2-2: SINGLE (Groundball, 56D) | Pitching: RHP Cipriano Montáñez | | Batting: SHB Todd Smith | 0-0: SINGLE (Groundball, 34D) Jeff Douglas to second | Batting: LHB Bill Smith | 0-0: Fly out, F8 (Flyball, 8RXD) Runner from 2nd tags up, SAFE at 3rd, no throw | Batting: LHB Ezechiele Bruno | 0-0: Ball 1-0: Ball 2-0: SINGLE (Groundball, 34D) Jeff Douglas scores Todd Smith to second | Batting: RHB Jaime Rodríguez | 0-0: SINGLE (Groundball, 56D) Todd Smith to third Ezechiele Bruno to second | Pitching: RHP Yajirobei Endo | | Batting: LHB Nick Scott | 0-0: Called Strike 0-1: Called Strike 0-2: Strikes out swinging | Batting: SHB Francis Shaffer | 0-0: Swinging Strike 0-1: Foul Ball, location: 2F 0-2: Fly out, F8 (Flyball, 8LM) | Bottom of the 9th over - 1 run, 4 hits, 0 errors, 3 left on base; Santa Monica 7 - Gresham 2 | |